 Dungeon Crawl Stone Soup version 0.23-a0-171-g5ae17c6 (webtiles) character file.

8346 Ijustatesigmund the Caliginous (level 11, -2/72 HPs)
             Began as an Octopode Assassin on Sept 13, 2018.
             Was a Priest of Dithmenos.
             Slain by an orc warrior
             ... wielding the +8 scimitar of the Blowfly {drain, *Slow rElec MR++ Int+4}
              (4 damage)
             ... on level 10 of the Dungeon.
             The game lasted 00:31:08 (11419 turns).

Ijustatesigmund the Caliginous (Octopode Assassin) Turns: 11419, Time: 00:31:10

Health: -2/72      AC:  2    Str: 17    XL:     11   Next: 29%
Magic:  0/17       EV: 11    Int: 13    God:    Dithmenos [***...]
Gold:   125        SH:  9    Dex: 17    Spells: 7/10 levels left

rFire    + + .     SeeInvis .   g - +5 short sword (vamp)
rCold    x . .     Gourm    .   z - +0 shield
rNeg     . . .     Faith    .   (helmet restricted)
rPois    .         Spirit   +   d - amulet of guardian spirit
rElec    .         Reflect  .   n - ring of protection from fire
rCorr    +         Harm     .   p - ring of resist corrosion
MR       .....                  A - ring of fire (curse)
Stlth    ++++++....             I - +4 ring of strength
HPRegen  0.22/turn              (no ring)
MPRegen  0.15/turn              (no ring)
                                (no ring)
                                (no ring)

@: wreathed by umbra, heavily drained
A: almost no armour, stealthy swim, amphibious, 8 rings, constrict 8, camouflage
1, shaggy fur 1, strong 1, gelatinous body 1
a: Shadow Step, Renounce Religion


You were on level 10 of the Dungeon.
You worshipped Dithmenos.
Dithmenos was most pleased with you.
You were not hungry.

You visited 2 branches of the dungeon, and saw 12 of its levels.
You also visited: Ossuary.

You collected 507 gold pieces.
You spent 382 gold pieces at shops.

Inventory:

Hand Weapons
 a - a +2 dagger
 b - a +0 blowgun
 g - a +5 vampiric short sword (weapon)
 j - a cursed +1 dagger
 y - a +0 rapier of draining
 G - a +2 dagger of electrocution
Missiles
 c - 103 poisoned needles
 h - 7 curare-tipped needles
 r - a tomahawk (quivered)
Armour
 z - a +0 shield (worn)
Jewellery
 d - an amulet of guardian spirit (around mantle)
 n - a ring of protection from fire (left tentacle)
 p - a ring of resist corrosion (right tentacle)
 A - a cursed ring of fire (on tentacle)
 E - an uncursed ring of ice
 I - a +4 ring of strength (on tentacle)
Wands
 t - a wand of clouds (3)
 x - a wand of polymorph (36)
 B - a wand of flame (6)
Scrolls
 i - a scroll of fog
 l - 3 scrolls of immolation
 s - a scroll of remove curse
 u - 3 scrolls of enchant armour
 C - a scroll of magic mapping
 D - a scroll of identify
Potions
 e - 2 potions of lignification
 k - 2 potions of magic
 o - a potion of brilliance
 q - 2 potions of resistance
 v - a potion of ambrosia
 w - a potion of flight
Comestibles
 f - 8 rations


   Skills:
 - Level 6.0(4.7) Fighting
 - Level 8.4(7.0) Short Blades
 + Level 4.2(2.9) Throwing
 - Level 3.2(2.0) Dodging
 + Level 8.1(6.8) Stealth
 + Level 3.5(2.3) Shields
 - Level 8.4(7.1) Translocations
 + Level 9.0(7.6) Invocations


You had 7 spell levels left.
You knew the following spells:

 Your Spells              Type           Power        Failure   Level  Hunger
a - Magic Dart            Conj           #...         85%         1    ##.....
b - Blink                 Tloc           N/A          13%         2    ###....

Your spell library contained the following spells:

 Spells                   Type           Power        Failure   Level  Hunger
 Gell's Gravitas          Tloc           ###.......   26%         3    ####...
 Confusing Touch          Hex            #.....       85%         1    ##.....
 Shock                    Conj/Air       #...         85%         1    ##.....
 Summon Small Mammal      Summ           #...         85%         1    ##.....
 Call Imp                 Summ           #.......     94%         2    ###....
 Slow                     Hex            #.......     94%         2    ###....
 Swiftness                Chrm/Air       #.......     94%         2    ###....
 Call Canine Familiar     Summ           #.......     99%         3    ####...
 Confuse                  Hex            #.......     99%         3    ####...
 Conjure Flame            Conj/Fire      #.......     99%         3    ####...
 Mephitic Cloud           Conj/Pois/Air  #.......     99%         3    ####...
 Static Discharge         Conj/Air       #.......     99%         3    ####...
 Summon Guardian Golem    Hex/Summ       #.......     99%         3    ####...
 Airstrike                Air            #.........   100%        4    #####..
 Petrify                  Tmut/Erth      #.......     100%        4    #####..
 Summon Ice Beast         Ice/Summ       #.......     100%        4    #####..
 Summon Lightning Spire   Summ/Air       #.......     100%        4    #####..
 Lightning Bolt           Conj/Air       #.........   100%        5    ######.
 Metabolic Englaciation   Hex/Ice        #.........   100%        5    ######.
 Yara's Violent Unravell  Hex/Tmut       #.........   100%        5    ######.


Dungeon Overview and Level Annotations

Branches:
Dungeon (11/15)            Temple (1/1) D:5            Lair (0/6) D:9
    Orc: D:9-12

Altars:
Ashenzari
Cheibriados
Dithmenos
Elyvilon
Fedhas
Gozag
Hepliaklqana
Kikubaaqudgha
Makhleb
Nemelex Xobeh
Okawaru
Qazlal
Ru
Sif Muna
Trog
Uskayaw
Vehumet
Wu Jian
Xom
Yredelemnul
Zin
The Shining One
Beogh

Shops:
D:6 *   D:7 (   D:9 ?

Portals:
Trove: D:11 (give horn of Geryon)

Annotations:
D:11 1 transporter


Innate Abilities, Weirdness & Mutations

You cannot wear most types of armour.
You are very stealthy in the water. (Stealth+)
You are amphibious.
You can wear up to eight rings at the same time.
You can use your tentacles to constrict eight enemies at once.
Your skin changes colour to match your surroundings (Stealth+).
Your rubbery body absorbs attacks. (AC +1, EV +1)
You are covered in fur. (AC +1)
Your muscles are strong. (Str +2)


Message History

The orc warrior hits you with a dazzling scimitar {drain}!
You feel drained.
Things that are here:
a halberd; a plate armour You closely miss the orc warrior.
You grab the orc warrior.
You constrict the orc warrior, but do no damage.
The orc warrior hits you with a dazzling scimitar {drain}!!
You feel drained.
* * * LOW HITPOINT WARNING * * *
You hit the orc warrior but do no damage.
You squeeze the orc warrior!
The orc warrior is moderately wounded.
You constrict the orc warrior, but do no damage.
You hit the orc warrior but do no damage.
The orc warrior is moderately wounded.
You constrict the orc warrior, but do no damage.
The orc warrior hits you with a dazzling scimitar {drain}!!
* * * LOW HITPOINT WARNING * * *
You feel drained.
You die...

..##.....'......######......###
..##.#####......#....'......'.###
..'.)# #......#.####......#...#
..#### ########8.# #....[.###..
.)# #8.....#.## #......# ### ..#
#..##..#.# ###'#### '##
#..8#..#.# #.## .# #..##).#.#
#..# ## #=...#.#@# ######.### *
.# ###[...#('o###........# # .#
#.#_.8!#('..##........# # .#
####.#[?..#.'.(##........# # .#
#....#)...#)#..##........# #
.###.##.#..##..#...#....†...# ###
.'...##.#..8#..#.#..........###..
.######.#..##..#.###............#
## ###8.....#.# #........#####


You could see an orc warrior.

Vanquished Creatures
  The ghost of Nib the Cleaver, a journeyman FoFi of Gozag (D:9)
  A two-headed ogre (D:9)
  Pikel (D:8)
  An ugly thing (D:11)
  A cyclops (D:11)
  Maurice (D:11)
  A troll (D:9)
  A hornet (D:9)
  2 hippogriffs
  5 yaks (D:8)
  Eustachio (D:6)
  A hungry ghost (D:10)
  2 orc warriors (D:10)
  3 sky beasts
  An eye of draining (D:10)
  An ice beast (D:9)
  6 ogres
  A slave (D:8)
  2 centaurs
  A crocodile (D:9)
  Blork the orc (D:4)
  2 big kobolds
  5 bullfrogs
  A wyvern skeleton (D:9)
  2 scorpions
  4 wights (D:9)
  A centaur zombie (Ossuary)
  3 bullfrog zombies
  5 crimson imps
  2 hounds
  4 orc priests
  Crazy Yiuf (D:7)
  A jelly (D:8)
  2 bullfrog skeletons
  A centaur skeleton (D:4)
  5 orc wizards
  A human zombie (Ossuary)
  2 iguanas
  Terence (D:2)
  Natasha (twice) (D:4)
  8 worker ants
  A big kobold zombie (Ossuary)
  A hound skeleton (D:8)
  A hound zombie (D:9)
  4 mummies (Ossuary)
  Robin (D:4)
  A howler monkey zombie (D:6)
  12 adders
  3 shadow imps
  An ooze (D:3)
  3 worms
  A dart slug (D:1)
  3 leopard geckos
  27 orcs
  4 giant cockroaches
  19 goblins
  7 hobgoblins
  7 jackals
  21 kobolds
  6 quokkas
  2 ball pythons
  5 bats
  5 frilled lizards
  A goblin zombie (Ossuary)
  3 hobgoblin zombies (Ossuary)
  A jackal zombie (D:6)
  A kobold zombie (Ossuary)
  A quokka skeleton (D:4)
  9 rats
239 creatures vanquished.

Vanquished Creatures (others)
  A yak (D:8)
  3 slaves (D:8)
  A goblin (D:4)
5 creatures vanquished.

Grand Total: 244 creatures vanquished

Notes
Turn   | Place    | Note
-------+----------+-------------------------------------------
     0 | D:1      | Ijustatesigmund the Octopode Assassin began the quest for
                  | the Orb.
     0 | D:1      | Reached XP level 1. HP: 14/14 MP: 1/1
    98 | D:1      | Reached XP level 2. HP: 17/19 MP: 2/2
   567 | D:2      | Reached XP level 3. HP: 24/24 MP: 3/3
   790 | D:2      | Reached XP level 4. HP: 23/29 MP: 4/4
  1162 | D:2      | Found a radiant altar of Vehumet.
  2264 | D:3      | Noticed Terence
  2326 | D:1      | Reached XP level 5. HP: 18/34 MP: 5/5
  2529 | D:2      | Killed Terence
  2529 | D:2      | Reached skill level 5 in Short Blades
  2952 | D:4      | Noticed Blork the orc
  2962 | D:4      | Killed Blork the orc
  3099 | D:4      | Noticed Natasha
  3100 | D:4      | Noticed a big kobold
  3102 | D:4      | Killed Natasha
  3102 | D:4      | Reached XP level 6. HP: 41/41 MP: 6/6
  3307 | D:4      | Found a basalt altar of Yredelemnul.
  3386 | D:4      | Found an ancient bone altar of Kikubaaqudgha.
  3411 | D:4      | Noticed Robin
  3428 | D:4      | Killed Robin
  3734 | D:4      | Reached XP level 7. HP: 17/47 MP: 7/7
  4485 | D:4      | Noticed Natasha
  4495 | D:4      | Killed Natasha
  4714 | D:5      | Entered Level 5 of the Dungeon
  4746 | D:5      | Found a staircase to the Ecumenical Temple.
  4774 | Temple   | Entered the Ecumenical Temple
  4897 | Temple   | Became a worshipper of Dithmenos the Shadowed
  4949 | D:5      | Reached skill level 1 in Invocations
  5350 | D:5      | Found a bloodstained altar of Trog.
  5555 | D:6      | Reached XP level 8. HP: 49/54 MP: 6/9
  5585 | D:6      | Learned a level 1 spell: Magic Dart
  5588 | D:6      | Learned a level 2 spell: Blink
  5613 | D:6      | Found a sand-covered staircase.
  5626 | Ossuary  | Entered an ossuary
  5675 | Ossuary  | Reached * piety under Dithmenos
  5693 | Ossuary  | Reached skill level 2 in Invocations
  5694 | Ossuary  | Reached skill level 1 in Translocations
  6371 | D:6      | Reached skill level 3 in Invocations
  6389 | D:6      | Noticed Eustachio
  6414 | D:6      | Killed Eustachio
  6486 | D:6      | Found Diodwah's Assorted Antiques.
  6491 | D:6      | Bought a silvery potion for 27 gold pieces
  6491 | D:6      | Bought a scroll labeled IMAERYGUYN for 31 gold pieces
  6491 | D:6      | Bought a scroll labeled IFAUSCH YCHILET for 31 gold pieces
  6491 | D:6      | Bought a scroll labeled LACEUC XAYMMA for 31 gold pieces
  6491 | D:6      | Bought a scroll labeled IFAUSCH YCHILET for 31 gold pieces
  6491 | D:6      | Bought a silvery potion for 27 gold pieces
  6491 | D:6      | Gained mutation: Scrolls take you a little longer to read.
                  | [potion of mutation]
  6491 | D:6      | Gained mutation: You can translocate small distances at
                  | will. [potion of mutation]
  6492 | D:6      | Lost mutation: Scrolls take you a little longer to read.
                  | [potion of mutation]
  6492 | D:6      | Lost mutation: You can translocate small distances at will.
                  | [potion of mutation]
  6492 | D:6      | Gained mutation: You are covered in fur. (AC +1) [potion of
                  | mutation]
  6492 | D:6      | Gained mutation: Your muscles are strong. (Str +2) [potion
                  | of mutation]
  6731 | D:7      | Found a runed door.
  6735 | D:7      | Noticed Crazy Yiuf
  6739 | D:7      | Killed Crazy Yiuf
  6795 | D:7      | Found Fewk's Weapon Shop.
  6909 | D:7      | Found a deep blue altar of Sif Muna.
  6984 | D:7      | Reached skill level 4 in Invocations
  7127 | D:7      | Found an iron altar of Okawaru.
  7128 | D:7      | Found an opulent altar of Gozag.
  7236 | D:8      | Reached ** piety under Dithmenos
  7258 | D:8      | Reached skill level 5 in Translocations
  7304 | D:8      | Reached XP level 9. HP: 59/59 MP: 12/12
  7380 | D:8      | Reached skill level 5 in Invocations
  7382 | D:8      | Noticed Pikel
  7399 | D:8      | Killed Pikel
  7676 | D:8      | Reached skill level 6 in Invocations
  8626 | D:9      | Reached XP level 10. HP: 63/65 MP: 12/15
  8664 | D:9      | Found a staircase to the Lair.
  8694 | D:9      | Reached skill level 5 in Fighting
  8694 | D:9      | Reached skill level 7 in Invocations
  8790 | D:9      | Noticed a two-headed ogre
  8815 | D:9      | Killed a two-headed ogre
  8863 | D:9      | Found Peuxosk's Magic Scroll Shop.
  8870 | D:9      | Bought a scroll of enchant weapon for 90 gold pieces
  8870 | D:9      | Bought a scroll of enchant weapon for 90 gold pieces
  8870 | D:9      | Bought a scroll of identify for 24 gold pieces
  8895 | D:9      | You fall through a shaft!
  8895 | D:10     | Entered Level 10 of the Dungeon
  9844 | D:9      | Reached *** piety under Dithmenos
  9866 | D:9      | Reached skill level 8 in Invocations
 10286 | D:10     | Reached skill level 1 in Shields
 10347 | D:10     | Found a runed gate.
 10347 | D:10     | Found a runed gate.
 10348 | D:10     | Found a runed gate.
 10348 | D:10     | Noticed Nib's ghost (journeyman FoFi)
 10351 | D:10     | Found a roughly hewn altar of Beogh.
 10465 | D:9      | Killed Nib's ghost
 10465 | D:9      | Reached XP level 11. HP: 6/72 MP: 0/17
 10846 | D:11     | Noticed Maurice
 10846 | D:11     | Noticed a white ugly thing
 10860 | D:11     | Killed a white ugly thing
 10884 | D:11     | Killed Maurice
 10893 | D:11     | Noticed a death knight
 10901 | D:11     | Noticed a two-headed ogre
 10902 | D:11     | Found a portal to a secret trove of treasure.
 10905 | D:11     | Found a transporter.
 10906 | D:11     | Noticed a cyclops
 10922 | D:11     | Killed a cyclops
 10922 | D:11     | Reached skill level 9 in Invocations
 11419 | D:10     | HP: 2/72 [orc warrior/dazzling scimitar {drain} (16)]
 11419 | D:10     | Identified the +8 scimitar of the Blowfly {drain, *Slow
                  | rElec MR++ Int+4}
 11419 | D:10     | Slain by an orc warrior

Vault maps used:
D:1:      tarquinn_simple_flora_water_f
D:2:      fiery_altar_vehumet, minmay_misc_feat_room
D:3:      first_ration, minmay_goblin_kobold_house, uniq_terence
D:4:      yredelemnul_altar_generic, kennysheep_mini_moat, uniq_robin,
          uniq_natasha, uniq_blork_the_orc
D:5:      temple_doors_cd, trog_hazing_becter
D:6:      nicolae_ossuary_entry_ruins, serial_shops, kennysheep_little_box,
          uniq_eustachio
D:7:      gammafunk_temple_overflow_statue, kennysheep_mini, serial_shops,
          nicolae_shop_statue_plus, uniq_crazy_yiuf_cottage
D:8:      uniq_pikel
D:9:      lair_entry_dummy, serial_shops, nicolae_shop_trees
D:10:     biasface_ghost_orc_armoury
D:11:     gammafunk_jiyva_shrine, orc_0_dummy, serial_shops, shop,
          nicolae_trove_entry_crossroad, grunt_livestock, uniq_maurice
Temple:   eino_temple_rhombus
Ossuary:  ossuary_crypta

Skill      XL: |  1  2  3  4  5  6  7  8  9 10 11 |
---------------+----------------------------------+-----
Short Blades   | 3 4 5 6 8 |  8.4
Dodging        | 2 3 |  3.2
Fighting       | 3 4 6 |  6.0
Stealth        | 6 7 8 |  8.1
Invocations    | 1 4 6 8 9 |  9.0
Translocations | 5 8 |  8.4
Shields        | 2 3 |  3.5
Throwing       | 3 4 |  4.2

Action                   |  1- 3 |  4- 6 |  7- 9 | 10-12 || total
-------------------------+-------+-------+-------+-------++-------
Melee: Dagger            |    47 |    53 |       |       ||   100
       Constrict         |    12 |    23 |    47 |    22 ||   104
       Tentacles         |    10 |    17 |    79 |    49 ||   155
       Short sword       |       |    52 |   333 |   175 ||   560
 Fire: Blowgun           |       |    35 |       |    14 ||    49
Throw: Javelin           |     3 |     6 |     8 |     8 ||    25
       Tomahawk          |       |       |       |    17 ||    17
Evoke: Wand              |       |       |     5 |     4 ||     9
  Use: Scroll            |       |    12 |     9 |    10 ||    31
       Potion            |       |     3 |     6 |     6 ||    15
 Stab: Sleeping          |     7 |    16 |    19 |    20 ||    62
       Distracted        |       |     1 |     1 |       ||     2
       Confused          |       |       |       |     2 ||     2
  Eat: Chunk             |       |     6 |     9 |     2 ||    17
       Ration            |       |     2 |     3 |     5 ||    10
Armor: Skin              |     1 |     1 |    18 |     9 ||    29
Dodge: Dodged            |    21 |    68 |   163 |    58 ||   310
Block: Shield            |       |       |     3 |    54 ||    57

Table legend:
 A = Non-vault XP
 B = Vault XP
 C = Vault XP percentage of total XP
 D = Non-vault monster count
 E = Vault monster count
 F = Vault count percentage of total count
                 A         B        C        D         E       F
            +---------+---------+-------+---------+---------+-------
      Total |    8981 |    2942 |  24.7 |     189 |      50 |  20.9
            +---------+---------+-------+---------+---------+-------
        D:1 |      34 |       0 |   0.0 |      21 |       0 |   0.0
        D:2 |      70 |      36 |  34.0 |      16 |       1 |   5.9
        D:3 |      54 |      11 |  16.9 |      21 |       8 |  27.6
        D:4 |     518 |     165 |  24.2 |      14 |      13 |  48.1
        D:5 |     201 |      12 |   5.6 |      12 |       6 |  33.3
        D:6 |     418 |     191 |  31.4 |      17 |       1 |   5.6
        D:7 |     204 |      42 |  17.1 |       6 |       1 |  14.3
        D:8 |    1842 |     593 |  24.4 |      24 |       1 |   4.0
        D:9 |    2926 |     998 |  25.4 |      34 |       1 |   2.9
       D:10 |    1534 |     186 |  10.8 |      20 |       5 |  20.0
       D:11 |    1180 |     516 |  30.4 |       4 |       1 |  20.0
    Ossuary |       0 |     192 | 100.0 |       0 |      12 | 100.0
            +---------+---------+-------+---------+---------+-------
